 Dungeon Crawl Stone Soup version 0.32-a0-433-g08bcfe7efd (webtiles) character file.

Game seed: 5354385227532301724

10045 Sobieck the Skirmisher (level 11, -3/77 HPs)
             Began as a Coglin Brigand on Feb 22, 2024.
             Was a Priest of Cheibriados.
             Slain by a catoblepas (16 damage)
             ... on level 14 of the Dungeon.
             The game lasted 00:21:09 (10390 turns).

Sobieck the Skirmisher (Coglin Brigand)            Turns: 10390, Time: 00:21:10

Health: -3/77      AC: 17    Str: 23    XL:     11   Next: 56%
Magic:  13/13      EV: 13    Int: 19    God:    Cheibriados [***...]
Gold:   604        SH:  0    Dex: 30    Spells: 10/10 levels left

rFire   + . .        i - +0 sling {Kanchana}
rCold   . . .        H - +0 sling {Gnaeus}
rNeg    . . .        A - +5 scale mail of the Zebrataur {-Cast +Blink +Inv Str+3 Slay+2}
rPois   +            S - +0 helmet
rElec   +            p - +1 cloak
rCorr   +            C - +0 pair of gloves
SInv    .            O - +0 pair of boots {Fly}
Will    .....        r - amulet of regeneration
Stlth   ++           c - ring of protection from cold
HPRegen 1.12/turn    z - ring "Gimopi" {Fire rElec rPois rCorr Dex+3}
MPRegen 0.13/turn

%: no spellcasting
@: immotile, flying, revving, very slow
A: off-hand wielding, slow wielding, warmup strikes, legs shutdown
a: Renounce Religion, Evoke Blink, Evoke Invisibility, Bend Time, Temporal
Distortion


You were on level 14 of the Dungeon.
You worshipped Cheibriados.
Cheibriados was most pleased with you.
You visited 1 branch of the dungeon, and saw 12 of its levels.

You collected 604 gold pieces.

Inventory:

Hand Weapons
 a - a +2 dagger {Chidori}
 g - a +0 club {Chinhae}
 h - a +0 short sword {Jingyi}
 i - a +0 sling (weapon) {Kanchana}
 H - a +0 sling (offhand) {Gnaeus}
Missiles
 j - 87 stones
 k - 34 poisoned darts
 F - 3 curare-tipped darts
Armour
 b - a +0 robe
 f - a +1 pair of boots
 l - a +2 ring mail of fire resistance
 p - a +1 cloak (worn)
 y - the +0 chain mail of Haplesti {rF+ Will++ Str+4}
   (You found it on level 2 of the Dungeon)

   Str+4:     It affects your strength (+4).
   rF+:       It protects you from fire.
   Will++:    It greatly increases your willpower.
 A - the +5 scale mail of the Zebrataur (worn) {-Cast +Blink +Inv Str+3 Slay+2}
   (You found it on level 4 of the Dungeon)

   Str+3:     It affects your strength (+3).
   Slay+2:    It affects your accuracy & damage with ranged weapons and melee
   (+2).
   +Inv:      It lets you turn invisible.
   +Blink:    It lets you blink.
   -Cast:     It prevents spellcasting.
 C - a +0 pair of gloves (worn)
 O - a +0 pair of boots of flying (worn)
 S - a +0 helmet (worn)
Magical Staves
 w - the staff of Fate {+Blink rF+ Dex+4 Fire Earth}
   (You found it on level 2 of the Dungeon)

   [staff of fire]

   Base accuracy: +5 Base damage: 5 Base attack delay: 1.2 This weapon's minimum
   attack delay (0.6) is reached at skill level 12.
   Dex+4:     It affects your dexterity (+4).
   rF+:       It protects you from fire.
   +Blink:    It lets you blink.
   Fire:      It increases the power of your Fire spells.
   Earth:     It increases the power of your Earth spells.
   It falls into the 'Staves' category.
   It is a one-graspered weapon.
Jewellery
 c - a ring of protection from cold (left grasper)
 r - an amulet of regeneration (around neck)
 s - a ring of see invisible
 z - the ring "Gimopi" (right grasper) {Fire rElec rPois rCorr Dex+3}
   (You found it on level 8 of the Dungeon)

   [ring of fire]

   Fire:      It enhances your fire magic.
   Dex+3:     It affects your dexterity (+3).
   rF+:       It protects you from fire.
   rC-:       It makes you vulnerable to cold.
   rElec:     It insulates you from electricity.
   rPois:     It protects you from poison rCorr: It protects you from acid and
   corrosion.
 G - a +6 ring of intelligence
 J - a ring of flight
 K - a ring of wizardry
Wands
 m - a wand of mindburst (18)
 D - a wand of digging (3)
 E - a wand of charming (5)
 N - a wand of quicksilver (6)
 R - a wand of polymorph (5)
 V - a wand of flame (22)
Scrolls
 o - 2 scrolls of blinking
 B - a scroll of fog
 I - a scroll of immolation
 M - a scroll of enchant weapon {unknown}
 P - 3 scrolls of fear
 T - a scroll of teleportation
Potions
 d - 2 potions of attraction
 e - a potion of mutation
 n - a potion of enlightenment {unknown}
 q - a potion of berserk rage
 t - a potion of invisibility {unknown}
 u - 2 potions of might
 v - a potion of resistance
 x - a potion of lignification
 L - a potion of ambrosia
 Q - 2 potions of curing


   Skills:
 + Level 4.1 Fighting
 - Level 1.7 Short Blades
 - Level 14.0 Ranged Weapons
 - Level 1.7 Throwing
 + Level 3.1 Armour
 + Level 3.9 Dodging
 - Level 4.0 Stealth
 + Level 2.9 Invocations
 + Level 4.6 Evocations


You had 10 spell levels left.
You didn't know any spells.
Your spell library contained the following spells:

 Spells                   Type           Power      Damage    Failure   Level
 Sandblast                Erth           0%         2d4       45%         1
 Call Imp                 Summ           0%         N/A       61%         2
 Ensorcelled Hibernation  Hex/Ice        0%         N/A       61%         2
 Sublimation of Blood     Necr           0%         N/A       61%         2
 Dazzling Flash           Conj/Hex       0%         N/A       83%         3
 Inner Flame              Hex/Fire       0%         N/A       83%         3
 Mephitic Cloud           Conj/Alch/Air  0%         N/A       83%         3
 Passwall                 Erth           0%         N/A       83%         3
 Stone Arrow              Conj/Erth      0%         3d7       83%         3
 Swiftness                Air            0%         N/A       83%         3
 Brom's Barrelling Bould  Conj/Erth      0%         2d3       99%         4
 Curse of Agony           Necr           0%         N/A       100%        5
 Irradiate                Conj/Alch      0%         3d11      100%        5
 Silence                  Hex/Air        0%         N/A       100%        5
 Summon Hydra             Summ           0%         N/A       100%        7
 Ignition                 Fire           0%         3d3       100%        8


Dungeon Overview and Level Annotations

Branches:
Dungeon (11/15)            Temple (0/1) D:6            Lair (0/5) D:10
    Orc (0/2) D:10

Altars:
Cheibriados
Elyvilon
Hepliaklqana
Trog
Wu Jian
Yredelemnul
Zin
The Shining One

Shops:
D:11 [   D:14 *

Annotations:
D:2 shatter vault
D:4 2 transporters, Edmund; hattop's ghost, amateur TrFi
D:6 1 runed translucent door


Innate Abilities, Weirdness & Mutations

You can wield a second weapon in your off-hand.
It takes a long time for you to wield or remove held weapons.
Your first few attacks do less damage.
Attacking and casting redirects power from your legs.


Message History

The sling bullet hits the catoblepas but does no damage.
The catoblepas is lightly wounded.
You are engulfed in calcifying dust.
The catoblepas gores you!
Your limbs are stiffening.
Unknown command.
You shoot a sling bullet. The sling bullet hits the catoblepas.
The catoblepas is lightly wounded.
You shoot a sling bullet. The sling bullet hits the catoblepas.
The catoblepas is lightly wounded.
You are engulfed in calcifying dust.
Your limbs have turned to stone.
The catoblepas gores you!
The catoblepas breathes a plume of calcifying dust at you.
The blast of calcifying dust hits you!
* * * LOW HITPOINT WARNING * * *
You have turned to stone.
You are engulfed in calcifying dust.
The catoblepas gores you!!
* * * LOW HITPOINT WARNING * * *
You are no longer unable to travel.
The catoblepas gores you!
* * * LOW HITPOINT WARNING * * *
The catoblepas gores you but does no damage.
The catoblepas breathes a plume of calcifying dust at you.
The blast of calcifying dust hits you.
* * * LOW HITPOINT WARNING * * *
You are engulfed in calcifying dust.
The catoblepas barely misses you.
You are engulfed in calcifying dust.
The catoblepas gores you but does no damage.
You are engulfed in calcifying dust.
The catoblepas snuffles in challenge.
The catoblepas gores you!!
* * * LOW HITPOINT WARNING * * *
You are engulfed in calcifying dust.
The catoblepas breathes a plume of calcifying dust at you.
The blast of calcifying dust hits you but does no damage.
You turn to flesh and can move again.
The catoblepas breathes a plume of calcifying dust at you.
The blast of calcifying dust hits you but does no damage.
Unknown command.
The catoblepas gores you!!
* * * LOW HITPOINT WARNING * * *
The catoblepas gores you but does no damage.
Unknown command.
Unknown command.
You shoot a sling bullet.
The sling bullet hits the catoblepas but does no damage.
You shoot a sling bullet.
The sling bullet hits the catoblepas but does no damage.
The catoblepas gores you!
You die...
Cheibriados appreciates the motionlessness of death.

#....+......#
##..........####
######...#.........
#......#...........
#.....###..........
#..##.#⌠_..∩.......
#'##..###..........
#§Y#...#.....######
#.@#.........+
+..+.........#
#..###.####..#
#..########..# ....
....#........#.....
.....#........#.....
.....#........#.....
#####+#######.##.....
###'#......


You could see a catoblepas.

Vanquished Creatures
  2 two-headed ogres
  A cyclops (D:11)
  A troll (D:10)
  Prince Ribbit (D:7)
  A shadow (D:11)
  Sigmund (D:2)
  3 wraiths (D:10)
  A wyvern (D:9)
  5 yaks (D:10)
  4 humans
  4 vampire mosquitoes (D:11)
  2 steam dragons
  Menkaure (D:4)
  2 swamp worms (D:8)
  An acid dragon (D:10)
  3 water moccasins
  4 orc warriors
  2 ice beasts
  8 black bears
  An ogre (D:4)
  6 centaurs
  2 phantoms (D:4)
  3 kobold brigands
  5 bullfrogs
  3 scorpions
  7 wights
  3 killer bees (D:9)
  2 howler monkeys
  3 bombardier beetles
  5 hounds
  7 orc priests
  4 jellies
  Jessica (D:2)
  Natasha (thrice) (D:2)
  3 iguanas
  Terence (D:1)
  9 orc wizards
  5 gnolls
  3 adders
  A dart slug (D:6)
  23 orcs
  5 bats
  14 endoplasms
  4 giant cockroaches
  2 hobgoblins (D:1)
  3 jackals (D:4)
  A quokka (D:1)
  9 ball pythons
  3 frilled lizards
  5 goblins
  19 kobolds
  A kobold skeleton (D:6)
  A kobold zombie (D:6)
  9 rats
223 creatures vanquished.

Notes
Turn   | Place    | Note
-------+----------+-------------------------------------------
     0 | D:1      | Sobieck the Coglin Brigand began the quest for the Orb.
     0 | D:1      | Reached XP level 1. HP: 16/16 MP: 1/1
    31 | D:1      | Reached skill level 1 in Dodging
   204 | D:1      | Reached XP level 2. HP: 17/22 MP: 2/2
   345 | D:1      | Reached XP level 3. HP: 13/27 MP: 3/3
   808 | D:2      | Identified the staff of Fate {+Blink rF+ Dex+4 Fire Earth}
   864 | D:2      | Noticed Jessica
   868 | D:2      | Killed Jessica
   869 | D:2      | Reached skill level 1 in Ranged Weapons
   869 | D:2      | Reached XP level 4. HP: 33/33 MP: 4/4
   875 | D:2      | Identified the +0 chain mail of Haplesti {rF+ Will++ Str+4}
   993 | D:2      | You fall into a shaft and drop 2 floors!
  1072 | D:4      | Reached skill level 2 in Ranged Weapons
  1080 | D:4      | Reached XP level 5. HP: 38/38 MP: 5/5
  1102 | D:4      | Identified the +5 scale mail of the Zebrataur {-Cast +Blink
                  | +Inv Str+3 Slay+2}
  1113 | D:4      | Reached skill level 3 in Ranged Weapons
  1298 | D:3      | Reached skill level 4 in Ranged Weapons
  1299 | D:3      | Reached XP level 6. HP: 39/44 MP: 6/6
  1453 | D:3      | Found a glowing golden altar of the Shining One.
  1745 | D:2      | Noticed Sigmund
  1801 | D:2      | Noticed Terence
  1812 | D:1      | Killed Terence
  1887 | D:2      | Noticed Natasha
  1893 | D:2      | Killed Natasha
  1894 | D:2      | Reached skill level 5 in Ranged Weapons
  2253 | D:2      | Killed Sigmund
  2254 | D:2      | Reached skill level 6 in Ranged Weapons
  2254 | D:2      | Reached XP level 7. HP: 50/50 MP: 7/7
  2300 | D:2      | Noticed Natasha
  2302 | D:2      | Killed Natasha
  2344 | D:2      | Noticed Natasha
  2347 | D:2      | Killed Natasha
  3220 | D:4      | Reached skill level 7 in Ranged Weapons
  3269 | D:4      | Identified the +6 spear "Wovy" {chaos, rF+ Will+}
  3269 | D:4      | Identified the +0 kite shield of Rixker {rC++ Will-}
  3270 | D:4      | Reached XP level 8. HP: 48/56 MP: 8/8
  3373 | D:4      | Found a transporter.
  3374 | D:4      | Found a transporter.
  3375 | D:4      | Noticed hattop's ghost (amateur TrFi)
  3595 | D:4      | Reached skill level 8 in Ranged Weapons
  3712 | D:5      | Entered Level 5 of the Dungeon
  3787 | D:5      | Noticed Menkaure
  3796 | D:4      | Killed Menkaure
  3930 | D:5      | Noticed Edmund
  4161 | D:5      | Reached skill level 9 in Ranged Weapons
  4262 | D:5      | Reached XP level 9. HP: 61/61 MP: 9/9
  4278 | D:5      | Reached skill level 10 in Ranged Weapons
  5169 | D:6      | Found a runed translucent door.
  5171 | D:6      | Found a basalt altar of Yredelemnul.
  5244 | D:6      | Found a snail-covered altar of Cheibriados.
  5249 | D:6      | Became a worshipper of Cheibriados the Contemplative
  5372 | D:6      | Found a staircase to the Ecumenical Temple.
  5762 | D:7      | Noticed Prince Ribbit
  5808 | D:7      | Reached skill level 11 in Ranged Weapons
  6145 | D:7      | Killed Prince Ribbit
  6146 | D:7      | Reached skill level 12 in Ranged Weapons
  6252 | D:6      | Reached XP level 10. HP: 21/65 MP: 10/10
  6644 | D:6      | Reached * piety under Cheibriados
  7082 | D:7      | Found a bloodstained altar of Trog.
  7720 | D:8      | Identified the ring "Gimopi" {Fire rElec rPois rCorr Dex+3}
  7764 | D:8      | Noticed a two-headed ogre
  7774 | D:8      | Killed a two-headed ogre
  7775 | D:8      | Reached skill level 13 in Ranged Weapons
  8422 | D:9      | Found an ornate altar of the Wu Jian Council.
  8455 | D:9      | Reached ** piety under Cheibriados
  8522 | D:9      | Noticed a two-headed ogre
  8532 | D:9      | Killed a two-headed ogre
  8533 | D:9      | Reached skill level 14 in Ranged Weapons
  8677 | D:9      | Reached skill level 1 in Evocations
  8737 | D:9      | Reached skill level 1 in Armour
  8737 | D:9      | Reached skill level 1 in Invocations
  8741 | D:9      | Found a white marble altar of Elyvilon.
  8936 | D:10     | Entered Level 10 of the Dungeon
  8954 | D:10     | Reached XP level 11. HP: 64/74 MP: 11/11
  8973 | D:10     | Reached skill level 3 in Fighting
  8973 | D:10     | Reached skill level 3 in Dodging
  8983 | D:10     | Reached skill level 3 in Evocations
  9004 | D:10     | Reached *** piety under Cheibriados
  9058 | D:10     | Found a staircase to the Lair.
  9275 | D:10     | Found a staircase to the Orcish Mines.
  9481 | D:10     | Found a hazy altar of Hepliaklqana.
 10013 | D:11     | Noticed a cyclops
 10072 | D:11     | Killed a cyclops
 10073 | D:11     | Reached skill level 3 in Armour
 10197 | D:11     | Found Sipys's Armour Shoppe.
 10242 | D:11     | You are sucked into a shaft and drop 3 floors!
 10294 | D:14     | Noticed a tengu warrior
 10294 | D:14     | Noticed a red ugly thing
 10294 | D:14     | Noticed a red ugly thing
 10294 | D:14     | Noticed a red ugly thing
 10294 | D:14     | Noticed a red ugly thing
 10294 | D:14     | Noticed a red ugly thing
 10331 | D:14     | Found Zin's Purification Station.
 10332 | D:14     | Found a glowing silver altar of Zin.
 10374 | D:14     | Noticed a catoblepas
 10390 | D:14     | Slain by a catoblepas

Illustrated notes

Levels and vault maps discovered:
D:1:      evilmike_arrival_plus, layout_rooms, minmay_misc_feat_doors
D:2:      layout_basic, due_unseen_surprise, uniq_jessica, uniq_sigmund,
          uniq_natasha, uniq_terence
D:3:      layout_basic, mainiacjoe_overflow_chevrons
D:4:      layout_loops_ring, gammafunk_ghost_gnarly_gnolls
D:5:      layout_rooms, nicolae_fountain_basement, uniq_menkaure, uniq_edmund
D:6:      layout_layer_cave, dk_yredelemnul_ordeal, kennysheep_slug_shrine,
          minmay_temple_entry_sparse_star
D:7:      layout_rooms, kennysheep_mini, minmay_ruffians, uniq_prince_ribbit1
D:8:      layout_basic, worms_lemuel
D:9:      layout_roguey, nicolae_wu_jian_wuxing_cycle, overflow_temple_1_default
D:10:     layout_roguey, general_overflow_altar, due_lair_maze_entry_diamond,
          david_orc_3
D:11:     layout_rooms, serial_shops, nicolae_shop_real_fake_doors
D:14:     layout_gridville, grunt_vaults_entry_fortified,
          gauntlet_entry_generic, infiniplex_staircase_zigzag_2, zin_purify,
          uniq_agnes, uniq_louise

Skill      XL: |  1  2  3  4  5  6  7  8  9 10 11 |
---------------+----------------------------------+-----
Dodging        | 1 2 3 |  3.9
Ranged Weapons | 1 2 4 6 7 9 12 14 | 14.0
Stealth        | 4 |  4.0
Evocations     | 2 4 |  4.6
Armour         | 1 3 |  3.1
Invocations    | 1 2 |  2.9
Fighting       | 4 |  4.1
Short Blades   | |  1.7
Throwing       | |  1.7

Action                     |  1- 3 |  4- 6 |  7- 9 | 10-12 || total
---------------------------+-------+-------+-------+-------++-------
  Melee: Dagger            |    58 |       |       |       ||    58
         Short sword       |    38 |       |       |       ||    38
         Club              |     2 |       |       |       ||     2
   Fire: Sling             |    22 |   310 |   634 |   698 ||  1664
    Use: Potion            |       |     4 |     2 |     3 ||     9
         Scroll            |       |       |    13 |    10 ||    23
 Armour: Robe              |     8 |       |       |       ||     8
         Ring mail         |    22 |    31 |       |       ||    53
         Scale mail        |       |    30 |   110 |   205 ||   345
         Skin              |       |    12 |       |       ||    12
  Dodge: Dodged            |    35 |    27 |    59 |   137 ||   258

Table legend: (Time is in decaauts)
 A = Elapsed time spent in this place.
 B = Non-inter-level travel time spent in this place.
 C = Inter-level travel time spent in this place.
 D = Time resting spent in this place.
 E = Time spent auto-exploring this place.
 F = Levels seen in this place.
 G = Mean time per level.
                   A        B        C        D        E       F      G
               +--------+--------+--------+--------+--------+-----+--------+
         Total |  11668 |  11007 |    661 |   2348 |   6280 |  12 |  972.3 |
       Dungeon |  11668 |  11007 |    661 |   2348 |   6280 |  12 |  972.3 |
               +--------+--------+--------+--------+--------+-----+--------+

Top non-repeatable levels by time:
     D:6: 1771 daAuts
     D:8: 1463 daAuts
     D:3: 1394 daAuts
    D:10: 1059 daAuts
     D:4: 1047 daAuts
     D:7: 902 daAuts
     D:2: 886 daAuts
     D:1: 841 daAuts
     D:5: 753 daAuts
     D:9: 714 daAuts
    D:11: 642 daAuts
    D:14: 191 daAuts
